 Dungeon Crawl Stone Soup version 0.26-a0-1191-ge2a0e31ab3 (webtiles) character file.

Game seed: 18376690564168461893

10 Azzok the Skirmisher (level 2, 24/24 HPs)
             Began as a Demonspawn Fighter on Dec 28, 2020.
             Quit the game on level 1 of the Dungeon.
             The game lasted 00:00:18 (280 turns).

Azzok the Skirmisher (Demonspawn Fighter)            Turns: 280, Time: 00:00:19

Health: 24/24      AC:  6    Str: 16    XL:     2   Next: 10%
Magic:  2/2        EV:  6    Int:  9    God:
Gold:   14         SH:  8    Dex: 12    Spells: 1/1 levels left

rFire    . . .     SeeInvis .   a - +0 war axe
rCold    . . .     Faith    .   c - +0 kite shield
rNeg     . . .     Spirit   .   b - +0 scale mail
rPois    .         Reflect  .   (no helmet)
rElec    .         Harm     .   (no cloak)
rCorr    .         Rampage  .   (no gloves)
Will     .....                  (no boots)
Stlth    ..........             g - amulet of inaccuracy (curse)
HPRegen  0.08/turn              (no ring)
MPRegen  0.08/turn              (no ring)

@: no status effects
A: spiny 1
a: no special abilities


You were on level 1 of the Dungeon.
You visited 1 branch of the dungeon, and saw 1 of its levels.

You collected 14 gold pieces.

Inventory:

Hand Weapons
 a - a +0 war axe (weapon)
Armour
 b - a +0 scale mail (worn)
 c - a +0 kite shield (worn)
Jewellery
 g - a cursed amulet of inaccuracy (around neck)
Potions
 d - a potion of might
 e - a potion of lignification {unknown}


   Skills:
 + Level 3.1 Fighting
 + Level 2.0 Axes
 + Level 2.8 Armour
 + Level 2.8 Shields


You had one spell level left.
You didn't know any spells.
Your spell library was empty.

Dungeon Overview and Level Annotations

Branches:
Dungeon (1/15)

Altars:


Innate Abilities, Weirdness & Mutations

You are partially covered in sharp spines.


Message History

Found 11 poisoned darts.
You miss the rat. You barely miss the dart slug. You block the rat's attack.
The dart slug closely misses you. The frilled lizard closely misses you.
The rat barely misses you.
You closely miss the rat. You completely miss the dart slug.
You miss the frilled lizard. You block the dart slug's attack.
You block the frilled lizard's attack. The rat closely misses you.
You closely miss the rat. You miss the frilled lizard. You hit the dart slug.
You block the frilled lizard's attack. The rat bites you but does no damage.
The dart slug bites you but does no damage.
The frilled lizard completely misses you.
The rat barely misses you.
You barely miss the rat. You hit the dart slug.
You kill the dart slug!
You closely miss the frilled lizard. You block the frilled lizard's attack.
The rat bites you but does no damage.
You have reached level 2!
Your demonic ancestry asserts itself...
Sharp spines emerge from parts of your body.
Are you sure you want to abandon this character and quit the game? (Confirm with "yes".)

·╬ ▒ ·· ·· · ···
·▒ ··(· ▒▒▒·
·····▒▒··
······gr▒ ▒
·····▒▒@▒▒▒·▒
····=···l··>▒
·▒·▒▒▒▒▒▒·▒▒·▒··
···········▒
▒···
▒▒▒▒▒▒▒▒···▒····
▒▒▒·▒·▒··· ▒
▒·········▒·▒▒
▒▒▒··▒·▒·▒·····
▒÷▒····▒·····▒


You could see a goblin, a frilled lizard and a rat.

Vanquished Creatures
  An ooze (D:1)
  A dart slug (D:1)
  A giant cockroach (D:1)
  A hobgoblin (D:1)
4 creatures vanquished.

Notes
Turn   | Place    | Note
-------+----------+-------------------------------------------
     0 | D:1      | Azzok the Demonspawn Fighter began the quest for the Orb.
     0 | D:1      | Reached XP level 1. HP: 18/18 MP: 1/1
   280 | D:1      | Gained mutation: You are partially covered in sharp spines.
                  | [demonic ancestry]
   280 | D:1      | Reached XP level 2. HP: 24/24 MP: 2/2
   280 | D:1      | Quit the game

Illustrated notes

Levels and vault maps discovered:
D:1:      dpeg_arrival_rooms_b, layout_basic,
          wander_ebering_terrifying_dragon_lair

Skill      XL: |  1 |
---------------+----+-----
Axes           | 2 |  2.0
Fighting       | |  3.1
Armour         | |  2.8
Shields        | |  2.8

Action                   || total
-------------------------++-------
Melee: War axe           ||    21
  Use: Scroll            ||     1
Armor: Scale mail        ||     9
Dodge: Dodged            ||    12
Block: Kite shield       ||    14

Table legend: (Time is in decaauts)
 A = Elapsed time spent in this place.
 B = Non-inter-level travel time spent in this place.
 C = Inter-level travel time spent in this place.
 D = Time resting spent in this place.
 E = Time spent auto-exploring this place.
 F = Levels seen in this place.
 G = Mean time per level.
                   A        B        C        D        E       F      G
               +--------+--------+--------+--------+--------+-----+--------+
         Total |    290 |    290 |      0 |    131 |    106 |   1 |  290.0 |
       Dungeon |    290 |    290 |      0 |    131 |    106 |   1 |  290.0 |
               +--------+--------+--------+--------+--------+-----+--------+

Top non-repeatable levels by time:
     D:1: 290 daAuts
